PAA
NORTHVILLE ECLIPSE @ MERCER ISLAND SCREAMING EAGLES
07/14/2029
 
TOP OF THE 1ST
Northville Eclipse batting - Pitching for Mercer Island Screaming Eagles : RHP Kenny Aarnoutse
Pitching: RHP Kenny Aarnoutse
Batting: LHB Darrell Woodmansee 0-0: Foul Ball, location: 2F
0-1: Ball
1-1: Foul Ball, location: 2F
1-2: Fly out, F7 (Flyball, 7S)
Batting: LHB Octávio Ontiveros 0-0: Foul Ball, location: 2F
0-1: Called Strike
0-2: DOUBLE (Line Drive, 7LS)
Batting: RHB Cosmo Bjorkenheim 0-0: Ball
Octávio Ontiveros steals 3rd base
1-0: 2-RUN HOME RUN (Line Drive, 7LD), Distance : 356 ft
Batting: LHB Edgardo De Jesús 0-0: Fly out, F6 (Line Drive, 56D)
Batting: RHB Augusto Rocha 0-0: Ball
1-0: Ball
2-0: Ball
3-0: Called Strike
3-1: Swinging Strike
3-2: Foul Ball, location: 2F
3-2: Strikes out looking
Top of the 1st over - 2 runs, 2 hits, 0 errors, 0 left on base; Northville 2 - Mercer Island 0
BOTTOM OF THE 1ST
Mercer Island Screaming Eagles batting - Pitching for Northville Eclipse : RHP Ramiro Salazar
Pitching: RHP Ramiro Salazar
Batting: LHB Jacob Herman 0-0: Ball
1-0: Ball
2-0: Foul Ball, location: 2F
2-1: Ball
3-1: Base on Balls
Batting: RHB Jeffery Campbell 0-0: Ball
Jacob Herman steals 2nd base
1-0: Swinging Strike
1-1: 2-RUN HOME RUN (Flyball, 78XD), Distance : 431 ft
Batting: RHB Marcos Reyes 0-0: Ball
1-0: Ball
2-0: Fly out, F5 (Popup, 5F)
Batting: RHB Stanley van de Ven 0-0: Called Strike
0-1: Fly out, F8 (Flyball, 8RD)
Batting: RHB Wade Killefer 0-0: Ball
1-0: Foul Ball, location: 2F
1-1: Called Strike
1-2: Ball
2-2: Ball
3-2: Foul Ball, location: 2F
3-2: Base on Balls
Batting: LHB Theo Fightmaster 0-0: Called Strike
0-1: Foul Ball, location: 2F
0-2: Ball
1-2: Ball
2-2: Fielders Choice at 2nd, 6-4 (Groundball, 6)
Bottom of the 1st over - 2 runs, 1 hit, 0 errors, 1 left on base; Northville 2 - Mercer Island 2
TOP OF THE 2ND
Northville Eclipse batting - Pitching for Mercer Island Screaming Eagles : RHP Kenny Aarnoutse
Batting: RHB Alfonso Grappasonni 0-0: Ball
1-0: Ground out 4-3 (Groundball, 34)
Batting: RHB Luis Guerrero 0-0: Ball
1-0: Called Strike
1-1: Foul Ball, location: 2F
1-2: Foul Ball, location: 2F
1-2: Foul Ball, location: 2F
1-2: Strikes out swinging
Batting: RHB Luis Hernández 0-0: Ground out 6-3 (Groundball, 6)
Top of the 2nd over - 0 runs, 0 hits, 0 errors, 0 left on base; Northville 2 - Mercer Island 2
BOTTOM OF THE 2ND
Mercer Island Screaming Eagles batting - Pitching for Northville Eclipse : RHP Ramiro Salazar
Batting: LHB Jorge Pérez 0-0: Ground out 4-3 (Groundball, 4)
Batting: LHB Manny Valentín 0-0: Called Strike
0-1: Fly out, F9 (Flyball, 89S)
Batting: SHB Silas Floyd 0-0: Ball
1-0: Foul Ball, location: 2F
1-1: Called Strike
1-2: Ball
2-2: SINGLE (Line Drive, 34D)
Batting: LHB Jacob Herman 0-0: Fly out, F5 (Popup, 6S)
Bottom of the 2nd over - 0 runs, 1 hit, 0 errors, 1 left on base; Northville 2 - Mercer Island 2
TOP OF THE 3RD
Northville Eclipse batting - Pitching for Mercer Island Screaming Eagles : RHP Kenny Aarnoutse
Batting: RHB Juan León 0-0: Called Strike
0-1: Fly out, F7 (Flyball, 7S)
Batting: LHB Darrell Woodmansee 0-0: Ball
1-0: Ball
2-0: Ball
3-0: Called Strike
3-1: Base on Balls
Batting: LHB Octávio Ontiveros 0-0: Called Strike
0-1: Ball
1-1: SINGLE (Line Drive, 56D)
Darrell Woodmansee to second
Batting: RHB Cosmo Bjorkenheim 0-0: Ball
1-0: Fly out, F5 (Line Drive, 6)
Batting: LHB Edgardo De Jesús 0-0: Called Strike
0-1: Ball
1-1: Foul Ball, location: 2F
1-2: Ground out 5-3 (Groundball, 56)
Top of the 3rd over - 0 runs, 1 hit, 0 errors, 2 left on base; Northville 2 - Mercer Island 2
BOTTOM OF THE 3RD
Mercer Island Screaming Eagles batting - Pitching for Northville Eclipse : RHP Ramiro Salazar
Batting: RHB Jeffery Campbell 0-0: Swinging Strike
0-1: Ball
1-1: Ball
2-1: Ball
3-1: Foul Ball, location: 2F
3-2: Base on Balls
Batting: RHB Marcos Reyes 0-0: Ball
1-0: Ball
2-0: Ball
3-0: Foul Ball, location: 2F
3-1: Base on Balls
Jeffery Campbell to second
Batting: RHB Stanley van de Ven 0-0: Swinging Strike
0-1: Foul Ball, location: 2F
0-2: Grounds into double play, 4-6-3 (Groundball, 4)
Jeffery Campbell to third
Batting: RHB Wade Killefer 0-0: Ball
1-0: Called Strike
1-1: Ball
2-1: Foul Ball, location: 2F
2-2: Foul Ball, location: 2F
2-2: Ball
3-2: Ground out 4-3 (Groundball, 4)
Bottom of the 3rd over - 0 runs, 0 hits, 0 errors, 1 left on base; Northville 2 - Mercer Island 2
TOP OF THE 4TH
Northville Eclipse batting - Pitching for Mercer Island Screaming Eagles : RHP Kenny Aarnoutse
Batting: RHB Augusto Rocha 0-0: Foul Ball, location: 2F
0-1: Swinging Strike
0-2: Strikes out swinging
Batting: RHB Alfonso Grappasonni 0-0: Ball
1-0: Called Strike
1-1: Ball
2-1: Called Strike
2-2: Foul Ball, location: 2F
2-2: Strikes out swinging
Batting: RHB Luis Guerrero 0-0: Fly out, F7 (Flyball, 7LS)
Top of the 4th over - 0 runs, 0 hits, 0 errors, 0 left on base; Northville 2 - Mercer Island 2
BOTTOM OF THE 4TH
Mercer Island Screaming Eagles batting - Pitching for Northville Eclipse : RHP Ramiro Salazar
Batting: LHB Theo Fightmaster 0-0: Ball
1-0: Ball
2-0: Ball
3-0: Base on Balls
Batting: LHB Jorge Pérez 0-0: Ball
1-0: Fly out, F9 (Flyball, 89M)
Batting: LHB Manny Valentín 0-0: Ball
1-0: DOUBLE (Flyball, 89D)
Theo Fightmaster to third
Batting: SHB Silas Floyd 0-0: Ball
1-0: Fly out, F9 (Flyball, 89S)
Batting: LHB Jacob Herman 0-0: Fly out, F5 (Popup, 25)
Bottom of the 4th over - 0 runs, 1 hit, 0 errors, 2 left on base; Northville 2 - Mercer Island 2
TOP OF THE 5TH
Northville Eclipse batting - Pitching for Mercer Island Screaming Eagles : RHP Kenny Aarnoutse
Batting: RHB Luis Hernández 0-0: Called Strike
0-1: Called Strike
0-2: Strikes out swinging
Batting: RHB Juan León 0-0: Called Strike
0-1: Ball
1-1: Ball
2-1: Called Strike
2-2: Foul Ball, location: 2F
2-2: Ground out 6-3 (Groundball, 6)
Batting: LHB Darrell Woodmansee 0-0: Swinging Strike
0-1: Swinging Strike
0-2: Strikes out swinging
Top of the 5th over - 0 runs, 0 hits, 0 errors, 0 left on base; Northville 2 - Mercer Island 2
BOTTOM OF THE 5TH
Mercer Island Screaming Eagles batting - Pitching for Northville Eclipse : RHP Ramiro Salazar
Batting: RHB Jeffery Campbell 0-0: Ball
1-0: SOLO HOME RUN (Flyball, 7LD), Distance : 368 ft
Batting: RHB Marcos Reyes 0-0: Called Strike
0-1: Ball
1-1: DOUBLE (Line Drive, 7D)
Batting: RHB Stanley van de Ven 0-0: Ball
1-0: SINGLE (Groundball, 56) (infield hit)
Marcos Reyes to third
Batting: RHB Wade Killefer 0-0: Ball
1-0: Called Strike
1-1: Ball
2-1: Ball
3-1: Swinging Strike
3-2: Base on Balls
Stanley van de Ven to second
Batting: LHB Theo Fightmaster 0-0: Foul Ball, location: 2F
0-1: Ball
1-1: Foul Ball, location: 2F
1-2: Ball
Wild Pitch!
Marcos Reyes scores
Stanley van de Ven to third
Wade Killefer to second
2-2: Foul Ball, location: 2F
2-2: Ball
3-2: Base on Balls
Pitching: LHP Ramiro García
Batting: LHB Jorge Pérez 0-0: Called Strike
0-1: Ball
1-1: Fly out, F8 (Flyball, 8LD)
Runner from 3rd tags up, SCORES, throw made
Batting: LHB Manny Valentín 0-0: Ground out U3 (Groundball, 3S)
Wade Killefer to third
Theo Fightmaster to second
Batting: SHB Silas Floyd 0-0: Foul Ball, location: 2F
0-1: Ball
1-1: Called Strike
1-2: Ball
2-2: Ball
3-2: Fly out, F7 (Flyball, 7LS)
Bottom of the 5th over - 3 runs, 3 hits, 0 errors, 2 left on base; Northville 2 - Mercer Island 5
TOP OF THE 6TH
Northville Eclipse batting - Pitching for Mercer Island Screaming Eagles : RHP Kenny Aarnoutse
Batting: LHB Octávio Ontiveros 0-0: Ball
1-0: Fly out, F7 (Line Drive, 7D)
Batting: RHB Cosmo Bjorkenheim 0-0: Ball
1-0: Swinging Strike
1-1: Ball
2-1: Fly out, F6 (Popup, 6)
Batting: LHB Edgardo De Jesús 0-0: Called Strike
0-1: Ball
1-1: Ball
2-1: Ground out U3 (Groundball, 3)
Top of the 6th over - 0 runs, 0 hits, 0 errors, 0 left on base; Northville 2 - Mercer Island 5
BOTTOM OF THE 6TH
Mercer Island Screaming Eagles batting - Pitching for Northville Eclipse : LHP Ramiro García
Batting: LHB Jacob Herman 0-0: Foul Ball, location: 2F
0-1: Foul Ball, location: 2F
0-2: Ball
1-2: Ball
2-2: Strikes out swinging
Batting: RHB Jeffery Campbell 0-0: Ball
1-0: Swinging Strike
1-1: Ball
2-1: DOUBLE (Flyball, 8RXD)
Batting: RHB Marcos Reyes 0-0: SINGLE (Line Drive, 8LS)
Jeffery Campbell to third
Runner from 3rd tries for Home, SAFE, throw made home
Batting: RHB Stanley van de Ven 0-0: Hit by Pitch
Marcos Reyes to second
Batting: RHB Wade Killefer 0-0: Ball
1-0: Foul Ball, location: 2F
1-1: Foul Ball, location: 2F
1-2: 3-RUN HOME RUN (Flyball, 7D), Distance : 393 ft
Batting: LHB Theo Fightmaster 0-0: Fly out, F9 (Flyball, 9S)
Batting: LHB Jorge Pérez 0-0: Foul Ball, location: 2F
0-1: Ground out 6-3 (Groundball, 56)
Bottom of the 6th over - 4 runs, 3 hits, 0 errors, 0 left on base; Northville 2 - Mercer Island 9
TOP OF THE 7TH
Northville Eclipse batting - Pitching for Mercer Island Screaming Eagles : RHP Kenny Aarnoutse
Batting: RHB Augusto Rocha 0-0: Fly out, F3 (Popup, 3SF)
Batting: RHB Alfonso Grappasonni 0-0: Called Strike
0-1: Ball
1-1: Ground out 4-3 (Groundball, 34)
Batting: RHB Luis Guerrero 0-0: Ball
1-0: Ground out 3-1 (Groundball, 34S)
Top of the 7th over - 0 runs, 0 hits, 0 errors, 0 left on base; Northville 2 - Mercer Island 9
BOTTOM OF THE 7TH
Mercer Island Screaming Eagles batting - Pitching for Northville Eclipse : LHP Ramiro García
Batting: LHB Manny Valentín 0-0: Ground out 6-3 (Groundball, 6M)
Batting: SHB Silas Floyd 0-0: Called Strike
0-1: Ball
1-1: Ball
2-1: Foul Ball, location: 2F
2-2: Ball
3-2: Base on Balls
Batting: LHB Jacob Herman 0-0: Fly out, F8 (Flyball, 78D)
Batting: RHB Jeffery Campbell 0-0: Ball
1-0: Ball
2-0: Ball
3-0: Called Strike
3-1: Foul Ball, location: 2F
3-2: Fly out, F7 (Flyball, 7D)
Bottom of the 7th over - 0 runs, 0 hits, 0 errors, 1 left on base; Northville 2 - Mercer Island 9
TOP OF THE 8TH
Northville Eclipse batting - Pitching for Mercer Island Screaming Eagles : RHP Kenny Aarnoutse
Batting: RHB Luis Hernández 0-0: Foul Ball, location: 2F
0-1: Ground out U3 (Groundball, 3)
Batting: RHB Juan León 0-0: Ground out 5-3 (Groundball, 56S)
Batting: LHB Darrell Woodmansee 0-0: Called Strike
0-1: Ball
1-1: Called Strike
1-2: Strikes out swinging
Top of the 8th over - 0 runs, 0 hits, 0 errors, 0 left on base; Northville 2 - Mercer Island 9
BOTTOM OF THE 8TH
Mercer Island Screaming Eagles batting - Pitching for Northville Eclipse : LHP Ramiro García
Batting: RHB Marcos Reyes 0-0: Ground out 6-3 (Groundball, 6)
Batting: RHB Stanley van de Ven 0-0: Ball
1-0: Foul Ball, location: 2F
1-1: Ground out 6-3 (Groundball, 6S)
Batting: RHB Wade Killefer 0-0: Called Strike
0-1: Swinging Strike
0-2: Ball
1-2: Foul Ball, location: 2F
1-2: Ball
2-2: Ball
3-2: Fly out, F7 (Flyball, 7LS)
Bottom of the 8th over - 0 runs, 0 hits, 0 errors, 0 left on base; Northville 2 - Mercer Island 9
TOP OF THE 9TH
Northville Eclipse batting - Pitching for Mercer Island Screaming Eagles : RHP Kenny Aarnoutse
Batting: LHB Octávio Ontiveros 0-0: Called Strike
0-1: Reached on error, E4 (Groundball, 4)
Batting: RHB Cosmo Bjorkenheim 0-0: Called Strike
0-1: Foul Ball, location: 2F
0-2: Fly out, F8 (Flyball, 8LD)
Pitching: RHP Gob Bluth
Pinch Hitting: RHB Dave Shaw 0-0: Foul Ball, location: 2F
0-1: Ball
1-1: Ball
2-1: Called Strike
2-2: Grounds into double play, 5-4-3 (Groundball, 56)
Top of the 9th over - 0 runs, 0 hits, 1 error, 0 left on base; Northville 2 - Mercer Island 9
Tuesday, December 19th, 2017 - OOTP Baseball 18.8 Build 76